 Dungeon Crawl Stone Soup version 0.31.0-11-ge490571c62 (webtiles) character file.

Game seed: 2433364521141297296

87 qw the Shooter (level 4, -3/22 HPs)
             Began as a Spriggan Hunter on Feb 4, 2024.
             Slain by a hobgoblin (6 damage)
             ... led by Robin
             ... on level 3 of the Dungeon.
             The game lasted 00:00:04 (1113 turns).

qw the Shooter (Spriggan Hunter)                    Turns: 1113, Time: 00:00:05

Health: -3/22      AC:  2    Str:  7    XL:     4   Next: 28%
Magic:  5/5        EV: 19    Int: 10    God:
Gold:   104        SH:  5    Dex: 20    Spells: 3/3 levels left

rFire   . . .        a - +0 shortbow
rCold   . . .        (shield currently unavailable)
rNeg    . . .        c - +0 robe
rPois   .            (helmet restricted)
rElec   .            (no cloak)
rCorr   .            (gloves unavailable)
SInv    +            (boots unavailable)
Will    .....        m - amulet of reflection
Stlth   ++           (no ring)
HPRegen 0.23/turn    (no ring)
MPRegen 0.09/turn

%: reflection
@: very quick
A: very small, no large weapons, unfitting armour, see invisible, speed 3
a: no special abilities


You were on level 3 of the Dungeon.
You visited 1 branch of the dungeon, and saw 3 of its levels.

You collected 104 gold pieces.


Innate Abilities, Weirdness & Mutations

You are very small and have problems with some larger weapons.
You are too small for most types of armour.
You have supernaturally acute eyesight. (SInv)
You cover ground extremely quickly. (Speed+++)


   Skills:
 - Level 1.5 Fighting
 - Level 5.1 Ranged Weapons
 + Level 4.3 Dodging
 - Level 1.5 Stealth


You had 3 spell levels left.
You didn't know any spells.
Your spell library was empty.

Inventory:

Hand Weapons
 a - a +0 shortbow (weapon)
Armour
 c - a +0 robe (worn)
Jewellery
 m - an amulet of reflection (around neck)
Scrolls
 b - a scroll of identify
Potions
 d - a potion of curing
 i - a potion of heal wounds {unknown}
 j - a potion of invisibility {unknown}
 k - a potion of enlightenment {unknown}
 l - a potion of degeneration {unknown}

Dungeon Overview and Level Annotations

Branches:
Dungeon (3/15)

Altars:
Yredelemnul

Annotations:
D:3 Robin


Message History

Robin throws the goblin at you! The goblin hits you with a +0 dagger.
The goblin barely misses you. The hobgoblin barely misses you.
You shoot an arrow. The arrow barely misses Robin.
You block the hobgoblin's attack. The goblin hits you but does no damage.
Robin closely misses you. The goblin misses you.
You shoot an arrow. The arrow hits Robin.
Robin is heavily wounded.
The hobgoblin misses you. The goblin closely misses you. The goblin misses you.
Robin laughs in a distinctly smug fashion.
Robin throws the goblin at you!
You shoot an arrow.
The arrow hits Robin but does no damage.
Robin is heavily wounded.
The hobgoblin misses you. The goblin barely misses you. The goblin misses you.
Robin barely misses you.
You shoot an arrow.
The arrow hits Robin but does no damage.
Robin is heavily wounded.
The hobgoblin completely misses you. You block the goblin's attack.
The goblin barely misses you. Robin barely misses you.
You shoot an arrow. The arrow hits Robin.
Robin is severely wounded.
The goblin no longer looks unusually strong.
The hobgoblin barely misses you. The goblin barely misses you.
The goblin hits you with a +0 club. Robin hits you with a +0 dagger.
You shoot an arrow. The arrow barely misses Robin.
The hobgoblin no longer looks unusually strong.
The hobgoblin closely misses you. The goblin hits you with a +0 club.
You block the goblin's attack.
Robin roars a battlecry!
The goblins go into a battle-frenzy!
The goblin completely misses you. The goblin hits you with a +0 club.
Robin hits you with a +0 dagger. The hobgoblin completely misses you.
You shoot an arrow. The arrow completely misses Robin.
The goblin misses you. You block the goblin's attack.
Robin hits you with a +0 dagger. The hobgoblin completely misses you.
You shoot an arrow. The arrow hits Robin.
Robin is almost dead.
The hobgoblin hits you.
You die...

..............#
....%.........#
#.##.####.#...#
#.##.#
#.#...######.###
..##.#
#.#............
####.#
..#..........##)
# #.#
.###..#####...).
# #.# #.
#..)g.gB..... .
..# #.
#...g@g#.# # ###
#. #.####.# #
#.# .# # #.# .#
. #.# .# ... .#
### .# ##


You could see a bombardier beetle, Robin, a hobgoblin (strong) and 2 goblins.

Vanquished Creatures
  An iguana (D:3)
  2 adders (D:2)
  A dart slug (D:1)
  4 ball pythons
  3 endoplasms
  2 giant cockroaches (D:1)
  10 goblins
  4 hobgoblins
  A quokka (D:2)
  4 bats
  2 frilled lizards
  4 kobolds
38 creatures vanquished.

Notes
Turn   | Place    | Note
-------+----------+-------------------------------------------
     0 | D:1      | qw the Spriggan Hunter began the quest for the Orb.
     0 | D:1      | Reached XP level 1. HP: 10/10 MP: 2/2
     0 | D:1      | 0 ||| qw: Version: 0.3-a-160-g6735b56
     0 | D:1      | 0 ||| qw: Game counter: 5506
     0 | D:1      | 0 ||| qw: Melee chars always use a shield: true
     0 | D:1      | 0 ||| qw: God list: Okawaru
     0 | D:1      | 0 ||| qw: Allow faded altars: false
     0 | D:1      | 0 ||| qw: Do Orc after clearing Dungeon:15 true
     0 | D:1      | 0 ||| qw: Do second Lair branch before Depths: true
     0 | D:1      | 0 ||| qw: Lair rune preference: random
     0 | D:1      | 0 ||| qw: Goals: Normal
     0 | D:1      | 0 ||| PLANNING D:1-11
    43 | D:1      | Reached skill level 3 in Dodging
   163 | D:1      | Reached XP level 2. HP: 14/14 MP: 3/3
   453 | D:1      | 453 ||| READING scroll labelled SAUNURH ACAFAESAPO.
   454 | D:1      | 454 ||| READING scroll labelled TUHAECULYI.
   454 | D:1      | 454 ||| IDENTIFYING pink potion
   455 | D:1      | 455 ||| READING 2 scrolls labelled YRUKHLOJ YFOF.
   456 | D:1      | 456 ||| DROPPING scroll of butterflies.
   457 | D:1      | 457 ||| DROPPING scroll of amnesia.
   482 | D:2      | Reached XP level 3. HP: 18/18 MP: 4/4
   942 | D:2      | Found a basalt altar of Yredelemnul.
  1006 | D:2      | 1006 ||| UPGRADING to amulet of reflection.
  1011 | D:2      | 1011 ||| DROPPING +6 ring of intelligence.
  1012 | D:2      | 1012 ||| READING scroll of identify.
  1012 | D:2      | 1012 ||| IDENTIFYING orange potion
  1013 | D:2      | 1013 ||| READING scroll labelled BINAULEMNU.
  1014 | D:2      | 1014 ||| READING scroll labelled ZAAJEX POGRISCHU.
  1015 | D:2      | 1015 ||| DRINKING 2 bubbling white potions.
  1016 | D:2      | 1016 ||| DROPPING potion of magic.
  1017 | D:2      | 1017 ||| DROPPING potion of attraction.
  1046 | D:3      | Reached skill level 5 in Ranged Weapons
  1046 | D:3      | Reached XP level 4. HP: 17/22 MP: 5/5
  1093 | D:3      | Noticed Robin
  1111 | D:3      | HP: 4/22 [Robin/+0 dagger (3)]
  1113 | D:3      | Slain by a hobgoblin

Levels and vault maps discovered:
D:1:      scummos_arrival_forest, layout_basic, minmay_misc_feat_iff,
          st_stairs_1
D:2:      layout_loops_cross, basic_altar, minmay_misc_feat_more_columns
D:3:      minmay_angry_zag, layout_loops_ring, hangedman_decor_points,
          minmay_joined_circles, uniq_robin

Skill      XL: |  1  2  3 |
---------------+----------+-----
Dodging        | 3 4 |  4.3
Ranged Weapons | 5 |  5.1
Fighting       | |  1.5
Stealth        | |  1.5

Action                     |  1- 3 |  4- 6 || total
---------------------------+-------+-------++-------
   Fire: Shortbow          |    87 |    28 ||   115
    Use: Scroll            |     6 |       ||     6
         Potion            |     1 |       ||     1
 Armour: Robe              |     8 |    15 ||    23
  Dodge: Dodged            |    13 |    34 ||    47
  Block: Other             |     3 |    13 ||    16

Table legend:
 A = Non-vault XP
 B = Vault XP
 C = Vault XP percentage of total XP
 D = Non-vault monster count
 E = Vault monster count
 F = Vault count percentage of total count
                 A         B        C        D         E       F
            +---------+---------+-------+---------+---------+-------
      Total |     109 |      16 |  12.8 |      28 |      10 |  26.3
            +---------+---------+-------+---------+---------+-------
        D:1 |      26 |       5 |  16.1 |      13 |       3 |  18.8
        D:2 |      41 |       0 |   0.0 |      11 |       0 |   0.0
        D:3 |      42 |      11 |  20.8 |       4 |       7 |  63.6
            +---------+---------+-------+---------+---------+-------
